 Dungeon Sprint DCSS version 0.22.1-1-ga44c0e56f4 (webtiles) character file.

2865 MuseOD the Covert (level 9, 0/51 HPs)
             Began as a Spriggan Enchanter on Sept 26, 2018.
             Was an Elder of Dithmenos.
             Killed from afar by an orc wizard (6 damage)
             ... with a magic dart
             ... in the Dungeon (Sprint III: "The Ten Rune Challenge").
             The game lasted 00:03:44 (1057 turns).

MuseOD the Covert (Spriggan Enchanter)              Turns: 1057, Time: 00:03:44

Health: 0/51       AC:  2    Str:  4    XL:     9   Next: 47%
Magic:  1/25       EV: 18    Int: 19    God:    Dithmenos [****..]
Gold:   58         SH:  0    Dex: 17    Spells: 19/31 levels left

rFire    . . .     SeeInvis +   a - +1 dagger
rCold    . . .     Gourm    .   (shield restricted)
rNeg     . . .     Faith    .   b - +0 robe
rPois    .         Spirit   .   (helmet restricted)
rElec    .         Reflect  .   (no cloak)
rCorr    .         Harm     .   (gloves unavailable)
MR       +....     NoTele   +   (boots unavailable)
Stlth    +++++++++.             (no amulet)
HPRegen  0.17/turn              (no ring)
MPRegen  0.19/turn              (no ring)

@: wreathed by umbra, very quick
A: very small, unfitting armour, see invisible, herbivore, speed 3, slow
metabolism 2
a: Shadow Step, Renounce Religion


You were in the Dungeon.
You worshipped Dithmenos.
Dithmenos was greatly pleased with you.
You were not hungry.

You visited 1 branch You collected 58 gold pieces.

Inventory:

Hand Weapons
 a - a +1 dagger (weapon)
Armour
 b - a +0 robe (worn)
Scrolls
 c - a scroll of holy word {unknown}
 i - 3 scrolls of identify {unknown}
 j - 2 scrolls of blinking
 k - a scroll of immolation {unknown}
Potions
 e - 2 potions of curing
 f - 2 potions of heal wounds
 g - a potion of haste
 h - 2 potions of magic
 l - 7 potions of mutation
 m - a potion of berserk rage
 n - a potion of might
Comestibles
 d - 4 rations


   Skills:
 + Level 8.2 Fighting
 * Level 14.3 Short Blades
 - Level 3.0 Dodging
 + Level 14.8 Stealth
 + Level 11.7 Spellcasting
 + Level 6.6 Hexes


You had 19 spell levels left.
You knew the following spells:

 Your Spells              Type           Power        Failure   Level  Hunger
a - Corona                Hex            #####..      1%          1    None
b - Ensorcelled Hibernat  Hex/Ice        ###...       2%          2    None
c - Confuse               Hex            #####...     1%          3    None
d - Dazzling Spray        Conj/Hex       ###...       4%          3    None
e - Tukima's Dance        Hex            #####...     1%          3    None

Your spell library contained the following spells:

 Spells                   Type           Power        Failure   Level  Hunger
 Confusing Touch          Hex            #####.       1%          1    None
 Animate Skeleton         Necr           N/A          6%          1    None
 Apportation              Tloc           ##....       6%          1    None
 Summon Small Mammal      Summ           ##..         6%          1    None


Dungeon Overview and Level Annotations

Branches:
Dungeon (1/1)

Altars:
Dithmenos
Elyvilon
Kikubaaqudgha
Okawaru
Ru
Sif Muna
Trog
Uskayaw
Vehumet
Wu Jian
Yredelemnul
Zin
The Shining One
Beogh


Innate Abilities, Weirdness & Mutations

You are very small and have problems with some larger weapons.
You are too small for most types of armour.
You have supernaturally acute eyesight. (SInv)
You are a herbivore.
You cover ground extremely quickly.
You need to consume almost no food.


Message History

The orc wizard blinks!
There is an open door here.
The orc warrior throws a tomahawk.
The tomahawk barely misses you.
You close the door.
An orc wizard opens the door.
You close the door.
An orc wizard opens the door.
The orc warrior throws a tomahawk.
The tomahawk misses you.
The orc wizard mumbles some strange words.
The orc wizard blinks!
The orc warrior throws a tomahawk.
The tomahawk hits you!
* * * LOW HITPOINT WARNING * * *
You see here a tomahawk.
Casting: Ensorcelled Hibernation (safe; 2% risk of failure)
Confirm with . or Enter, or press ? or * to list all spells.
Aiming: Ensorcelled Hibernation (safe; 2% risk of failure)
Press: ? - help, Shift-Dir - straight line, f/p - orc wizard
Aim: an orc wizard, wielding a dagger and wearing an embroidered robe (fast, The orc wizard resists with almost no effort.
The orc wizard points at you and mumbles some strange words.
The magic dart hits you!
You die...

▓▓▓▓▓▓▓ ▓▓▓ ▓ .'....♣
♣.############ #$ ## .#....♣♣♣
♣♣.#___#___#__##$##$##$ ##....♣.♣
♣..#)..#__)#._#$$....oo
.#....≈♣♣♣♣..###o#'###)##oo.o..oo
†#...≈≈♣.♣♣..#.........(#oo...ooo
[#).≈≈≈≈...♣.'.⌠@....oo(#oo$_#
'#..≈≈≈≈≈≈.♣.#...######o#o#
†#.≈≈≈≈≈≈....#.⌠.# #...#'#######
.#.≈≈≈≈≈...÷.#...# #..o#....#.#.
.#.≈≈≈.......#'### #..(##.#..#.#
##...........#.))# #...'##.#.#.#
.............#___# +...#§.(#..#.
▓▓▓▓▓▓▓▓▓▓▓▓▓▓▓▓▓▓ ▓▓▓▓▓▓▓▓▓▓▓▓▓


You could see an orc high priest, an orc warrior, an orc wizard and an orc.

Vanquished Creatures
  Erolcha (D)
  A deep elf mage (D)
  2 redbacks (D)
  A shadow (D)
  An orc warrior (D)
  A necrophage (D)
  5 two-headed ogres (D)
  A water elemental (D)
  A scorpion (D)
  A jelly (D)
  A wizard (D)
  An orc wizard (D)
  A necromancer (D)
  A kobold demonologist (D)
  3 humans (D)
  An ooze (D)
  2 orcs (D)
  3 rats (D)
28 creatures vanquished.

Vanquished Creatures (others)
  2 draconian scorchers (D)
  6 hellions (D)
  A yaktaur (D)
9 creatures vanquished.

Grand Total: 37 creatures vanquished

Notes
Turn   | Place    | Note
-------+----------+-------------------------------------------
     0 | D        | MuseOD the Spriggan Enchanter began the quest for the Orb.
     0 | D        | Reached XP level 1. HP: 9/9 MP: 5/5
     4 | D        | Reached skill level 5 in Stealth
     7 | D        | Reached skill level 1 in Fighting
    57 | D        | Reached XP level 2. HP: 10/15 MP: 6/8
    84 | D        | Killed a hellion
    85 | D        | Killed a hellion
    86 | D        | Killed a hellion
    87 | D        | Learned a level 2 spell: Ensorcelled Hibernation
    90 | D        | Noticed a scorpion
   103 | D        | Killed a scorpion
   103 | D        | Reached skill level 5 in Short Blades
   103 | D        | Reached XP level 3. HP: 12/19 MP: 0/10
   103 | D        | Reached XP level 4. HP: 15/23 MP: 0/11
   108 | D        | Learned a level 3 spell: Confuse
   140 | D        | Killed a hellion
   155 | D        | Killed a hellion
   161 | D        | Killed a hellion
   214 | D        | Killed a yaktaur
   222 | D        | Noticed a water elemental
   225 | D        | Killed a water elemental
   225 | D        | Reached skill level 5 in Spellcasting
   230 | D        | Learned a level 3 spell: Dazzling Spray
   233 | D        | Killed a white draconian scorcher
   234 | D        | Learned a level 3 spell: Tukima's Dance
   241 | D        | Found a basalt altar of Yredelemnul.
   241 | D        | Found a shadowy altar of Dithmenos.
   241 | D        | Found a sacrificial altar of Ru.
   241 | D        | Noticed a necrophage
   245 | D        | Killed a white draconian scorcher
   254 | D        | Reached XP level 5. HP: 13/28 MP: 2/14
   344 | D        | Killed a necrophage
   451 | D        | Became a worshipper of Dithmenos the Shadowed
   457 | D        | Found a hide-covered altar of Uskayaw.
   457 | D        | Found an iron altar of Okawaru.
   458 | D        | Found a roughly hewn altar of Beogh.
   458 | D        | Found a bloodstained altar of Trog.
   458 | D        | Found an ornate altar of the Wu Jian Council.
   458 | D        | Noticed a human
   458 | D        | Noticed a human
   460 | D        | Killed a human
   460 | D        | Reached skill level 10 in Stealth
   460 | D        | Reached XP level 6. HP: 35/35 MP: 15/17
   461 | D        | Killed a human
   461 | D        | Reached skill level 5 in Fighting
   461 | D        | Reached skill level 10 in Short Blades
   470 | D        | Found a glowing silver altar of Zin.
   470 | D        | Found a glowing golden altar of the Shining One.
   470 | D        | Found a white marble altar of Elyvilon.
   471 | D        | Noticed a deep elf mage
   473 | D        | Killed a deep elf mage
   473 | D        | Reached * piety under Dithmenos
   473 | D        | Reached XP level 7. HP: 41/41 MP: 17/21
   480 | D        | Found a radiant altar of Vehumet.
   480 | D        | Found a deep blue altar of Sif Muna.
   480 | D        | Found an ancient bone altar of Kikubaaqudgha.
   511 | D        | Noticed a shadow
   521 | D        | Reached ** piety under Dithmenos
   523 | D        | Killed a shadow
   523 | D        | Reached XP level 8. HP: 37/45 MP: 9/22
   644 | D        | Reached skill level 10 in Spellcasting
   831 | D        | Noticed a two-headed ogre
   854 | D        | Killed a two-headed ogre
   881 | D        | Noticed a two-headed ogre
   881 | D        | Noticed Erolcha
   883 | D        | Killed a two-headed ogre
   883 | D        | Reached *** piety under Dithmenos
   884 | D        | Killed Erolcha
   884 | D        | Reached skill level 5 in Hexes
   884 | D        | Reached XP level 9. HP: 51/51 MP: 23/25
   901 | D        | Reached **** piety under Dithmenos
  1006 | D        | Found a roughly hewn altar of Beogh.
  1006 | D        | Noticed an orc high priest
  1006 | D        | Noticed an orc knight
  1006 | D        | Noticed an orc high priest
  1057 | D        | Killed from afar by an orc wizard

Skill      XL: |  1  2  3  4  5  6  7  8  9 |
---------------+----------------------------+-----
Short Blades   | 4 5 7 9 11 12 13 14 | 14.3
Stealth        | 5 7 8 10 12 14 | 14.8
Spellcasting   | 4 6 7 9 11 | 11.7
Fighting       | 1 2 3 4 6 7 8 |  8.2
Hexes          | 5 6 |  6.6
Dodging        | |  3.0

Action                   |  1- 3 |  4- 6 |  7- 9 || total
-------------------------+-------+-------+-------++-------
Melee: Dagger            |    16 |    18 |    52 ||    86
 Cast: Ensorcelled Hiber |     3 |     4 |    21 ||    28
       Confuse           |       |     4 |    16 ||    20
  Use: Potion            |     1 |       |       ||     1
 Stab: Sleeping          |     3 |     4 |    10 ||    17
       Confused          |       |     1 |     6 ||     7
Armor: Robe              |     1 |       |     1 ||     2
Dodge: Dodged            |     6 |     8 |    35 ||    49
